 Dungeon Crawl Stone Soup version 0.21-a0-122-g43b3ea6 (webtiles) character file.

168 tsouns the Grave Robber (level 5, 0/36 HPs)
             Began as a Demonspawn Necromancer on July 13, 2017.
             Killed by divine providence
             ... invoked by an orc priest
              (14 damage)
             ... on level 3 of the Dungeon.
             The game lasted 00:10:29 (3092 turns).

tsouns the Grave Robber (Demonspawn Necromancer)    Turns: 3092, Time: 00:10:30

Health: 0/36       AC:  2    Str:  8    XL:     5   Next: 23%
Magic:  0/10       EV: 12    Int: 17    God:
Gold:   105        SH:  0    Dex: 16    Spells: 2/10 levels left

rFire    . . .     SeeInvis .   i - +3 spear
rCold    . . .     Gourm    .   (no shield)
rNeg     . . .     Faith    .   a - +0 robe
rPois    .         Spirit   +   (helmet restricted)
rElec    .         Reflect  .   (no cloak)
rCorr    .         Harm     .   (no gloves)
MR       .....                  (no boots)
Stlth    ++........             (no amulet)
HPRegen  0.12/turn              (no ring)
MPRegen  0.12/turn              (no ring)

@: no status effects
A: antennae 1, thin skeletal structure 1, magic shield
a: no special abilities


You were on level 3 of the Dungeon.
You were not hungry.

You visited 1 branch of the dungeon, and saw 4 of its levels.

You collected 105 gold pieces.

Inventory:

Hand Weapons
 i - a +3 spear (weapon)
 w - a +0 blowgun
 x - a cursed -3 blowgun
Missiles
 d - 22 poisoned needles
 e - 17 sling bullets
 g - 24 arrows
 j - 6 silver javelins
 l - 87 stones (quivered)
 n - a throwing net
Armour
 a - a +0 robe (worn)
 u - a cursed +0 buckler
Scrolls
 k - a scroll of magic mapping
 m - a scroll of identify
 r - a scroll of amnesia
Potions
 f - 2 potions of invisibility
 p - a potion of degeneration
 q - 2 potions of curing
 t - a potion of lignification
 v - 2 potions of ambrosia
Books
 b - a book of Necromancy

   Spells                             Type                      Level
   a - Pain                           Necromancy                   1
   b - Animate Skeleton               Necromancy                   1
   c - Vampiric Draining              Necromancy                   3
   d - Regeneration                   Charms/Necromancy            3
   e - Animate Dead                   Necromancy                   4
   f - Control Undead                 Necromancy                   4
Comestibles
 c - 2 bread rations
 h - 3 chunks of flesh
 o - a meat ration
 s - a royal jelly


   Skills:
 + Level 0.4 Fighting
 + Level 1.5 Polearms
 - Level 1.7 Dodging
 - Level 1.7 Stealth
 - Level 3.3 Spellcasting
 - Level 5.8 Necromancy


You had 2 spell levels left.
You knew the following spells:

 Your Spells              Type           Power        Failure   Level  Hunger
a - Pain                  Necr           ###.         1%          1    None
b - Animate Skeleton      Necr           N/A          1%          1    None
c - Vampiric Draining     Necr           ###.......   4%          3    ###....
d - Regeneration          Chrm/Necr      ##........   16%         3    ###....


Dungeon Overview and Level Annotations

Branches:
Dungeon (4/15)
 Temple: D:4-7

Altars:
Okawaru


Innate Abilities, Weirdness & Mutations

You have a pair of small antennae on your head.
You have a somewhat thin skeletal structure. (Dex +2, Stealth)
When hurt, damage is shared between your health and your magic reserves.


Message History

The orc priest is almost dead.
The orc priest hits you with a dagger.
You hit the orc priest but do no damage.
The orc priest is almost dead.
The orc priest hits you with a dagger.
You hit the orc priest but do no damage.
The orc priest is almost dead.
The orc priest hits you but does no damage.
You hit the orc priest but do no damage.
The orc priest is almost dead.
The orc priest hits you but does no damage.
Casting: Vampiric Draining
Confirm with . or Enter, or press ? or * to list all spells.
Aiming: Pain
Press: ? - help, Shift-Dir - straight line, f/p - orc priest
Aim: an orc priest, wielding a dagger and wearing a chain mail (almost dead, chance to defeat MR: 81%)
The orc priest barely resists.
The orc priest invokes the aid of Beogh against you.
Beogh smites you!
You die...

#.Z##..## ########## #..##..#
....{Z...############ #..##Z.#
##.#####....#........ #..#.ZZ#
##'########.#.#####.########.#
.........##.#.#.....#.Z.Z.ZZ.#
......##.##.....#####.########
......#....#....#.....#
......#..#.#....@.#.#.#
.....#####.#..>..o#.#.#
..###....<.#[####.#.###### '##
#.######.# #.#......# .## #.#
#.# #.######.# ..###.# #.# #.#
#.# ...##.# #.# #.# #.#
...##.# #.# #.# #.# ...##.#
#.# #.# #.#


You could see an orc priest.

Vanquished Creatures
  A hound (D:3)
  An orc wizard (D:3)
  3 gnolls (D:2)
  2 oozes (D:3)
  3 leopard geckos
  4 orcs
  A ball python (D:4)
  6 bats
  A giant cockroach (D:2)
  7 goblins
  6 hobgoblins
  16 kobolds
  3 frilled lizards
  4 rats
58 creatures vanquished.

Vanquished Creatures (collateral kills)
  An ooze (D:3)
  A worm (D:2)
  A bat (D:1)
  A kobold (D:3)
4 creatures vanquished.

Vanquished Creatures (others)
  An orc (D:4)
  A fungus (D:3)
  9 toadstools (D:3)
11 creatures vanquished.

Grand Total: 73 creatures vanquished

Notes
Turn   | Place    | Note
-------+----------+-------------------------------------------
     0 | D:1      | tsouns the Demonspawn Necromancer began the quest for the Orb.
     0 | D:1      | Reached XP level 1. HP: 13/13 MP: 3/3
     2 | D:1      | Learned a level 1 spell: Animate Skeleton
   447 | D:1      | Gained mutation: You have a pair of small antennae on your head. [demonic ancestry]
   447 | D:1      | Reached XP level 2. HP: 18/19 MP: 1/5
   893 | D:2      | Reached skill level 5 in Necromancy
   893 | D:2      | Reached XP level 3. HP: 13/24 MP: 1/7
   937 | D:1      | Learned a level 3 spell: Vampiric Draining
  1563 | D:2      | Learned a level 3 spell: Regeneration
  1918 | D:2      | Gained mutation: When hurt, damage is shared between your health and your magic reserves. [demonic ancestry]
  1918 | D:2      | Reached XP level 4. HP: 29/30 MP: 3/8
  2299 | D:3      | Found an iron altar of Okawaru.
  2842 | D:3      | Reached skill level 1 in Polearms
  2849 | D:3      | Gained mutation: You have a somewhat thin skeletal structure. (Dex +2, Stealth) [demonic ancestry]
  2849 | D:3      | Reached XP level 5. HP: 13/35 MP: 0/10
  3092 | D:3      | Killed from afar by an orc priest

Vault maps used:
D:1:      dpeg_arrival_windows_large_door
D:3:      cheibrodos_fertilizer, lemuel_coloured_pillars_altar,
          old_standard_altar, uniq_terence, uniq_robin, uniq_crazy_yiuf_cottage,
          uniq_jessica
D:4:      lemuel_round_altar, nicolae_overflow_crystal_walls, serial_shops, shop

Skill      XL: |  1  2  3  4 |
---------------+-------------+-----
Necromancy     | 5 |  5.8
Spellcasting   | 3 |  3.3
Polearms       | 1 |  1.5
Fighting       | |  0.4
Dodging        | |  1.7
Stealth        | |  1.7

Action                   |  1- 3 |  4- 6 || total
-------------------------+-------+-------++-------
Melee: Unarmed           |     4 |       ||     4
       Spear             |    13 |    37 ||    50
 Cast: Pain              |    63 |    39 ||   102
       Animate Skeleton  |    16 |     9 ||    25
       Vampiric Draining |     1 |     5 ||     6
  Use: Scroll            |    11 |     3 ||    14
       Potion            |       |     1 ||     1
 Stab: Sleeping          |     1 |     1 ||     2
  Eat: Bread ration      |     1 |       ||     1
       Royal jelly       |       |     1 ||     1
       Chunk             |       |     1 ||     1
Armor: Robe              |     7 |     3 ||    10
Dodge: Dodged            |    16 |    23 ||    39
